Unix NetHack Version 3.7.0-70 Work-in-progress - last build Jan 20 2023 02:37:49 (416de4da9be3a1557180d233d1398bca634ded6a,branch:master). Game began 2023-01-26 21:35:48, ended 2023-01-26 21:42:20. Gandelf, neutral male human Monk ....... .@...<. ....... Gandelf the Novice St:18 Dx:11 Co:13 In:8 Wi:16 Ch:9 Neutral S:1038 Dlvl:5 $:310 HP:0(34) Pw:22(22) AC:4 Xp:4/132 T:939 Blind Deaf Latest messages: The gnome picks up a gem. The gnome hits! You already found a monster. Use 'm' prefix to force another search. You kill the gnome! You see here a violet gem. The gnome lord hits! L - a violet gem (2 in total). The gnome throws a dart! The dart misses the gnome lord. A dart misses you. You kill the gnome lord! The gnome throws a dart! You are hit by a dart. M - a brown potion. There is nothing here to pick up. You kill the gnome! You see here 5 darts. N - 5 darts. You see here a key. O - a key. What do you want to adjust? [a-zA-O or ?*] O Adjust letter to what [O-Z] (? see used letters)? k Swapping: k - a key. You feel your magical energy drain away. You descend the stairs. You are momentarily blinded by a flash of light! You hear a deafening roar! Wait! There's something there you can't see! It misses! It hits! It bites! It just misses! It hits! It bites! It bites! It misses! You hit it. It misses! It hits! It bites! It bites! It hits! It bites! It bites! You die... Do you want your possessions identified? [ynq] (y) y Do you want to see your attributes? [ynq] (y) y Do you want an account of creatures vanquished? [ynaq] (y) y Do you want to see your conduct and achievements? [ynq] (y) y Do you want to see the dungeon overview? [ynq] (y) y Inventory: Coins $ - 310 gold pieces Weapons B - a blessed +1 arrow N - 5 +0 darts Armor a - an uncursed +2 pair of leather gloves (being worn) C - an uncursed +0 pair of iron shoes z - a cursed -2 pair of iron shoes A - an uncursed +0 dwarvish cloak D - an uncursed +0 dwarvish cloak b - an uncursed +1 robe (being worn) Comestibles g - 5 uncursed apples y - an uncursed candy bar labeled "The Small Bar" f - 3 uncursed food rations o - 2 uncursed food rations G - an uncursed partly eaten food ration i - 3 uncursed fortune cookies h - 6 uncursed oranges w - an uncursed tripe ration Scrolls t - an uncursed scroll of confuse monster s - an uncursed scroll of enchant armor H - a cursed scroll of enchant armor j - 2 uncursed scrolls of identify u - a cursed scroll of light d - an uncursed scroll of teleportation Spellbooks l - an uncursed spellbook of confuse monster O - an uncursed spellbook of confuse monster c - a blessed spellbook of protection Potions M - an uncursed potion of fruit juice e - 3 uncursed potions of water x - an uncursed potion of water Rings r - an uncursed ring of cold resistance m - an uncursed ring of poison resistance Wands I - a wand of cancellation (0:4) J - a cursed wand of cancellation (0:6) n - a wand of slow monster (0:4) Tools K - a cursed figurine of a giant spider E - a +0 pick-axe k - an uncursed skeleton key Gems/Stones v - 2 uncursed amber stones p - an uncursed chrysoberyl stone F - an uncursed worthless piece of black glass q - an uncursed worthless piece of blue glass L - 2 uncursed worthless pieces of violet glass Gandelf the Monk's attributes: Background: You were a Novice, a level 4 male human Monk. You were neutral, on a mission for Chih Sung-tzu who was opposed by Shan Lai Ching (lawful) and Huan Ti (chaotic). You were in the Gnomish Mines, on level 5. You entered the dungeon 939 turns ago. You had 132 experience points, 28 more were needed to attain level 5. Your score was 1038 before end-of-game adjustments. Basics: You had 0 out of 34 hit points. You had all 22 energy points (spell power). Your armor class was 4. Your wallet contained 310 zorkmids. Autopickup was on for '$?!+/=' plus thrown. Final Characteristics: Your strength was 18 (limit:18/100). Your dexterity was 11 (limit:18). Your constitution was 13 (limit:18). Your intelligence was 8 (limit:18). Your wisdom was 16 (limit:18). Your charisma was 9 (limit:18). Final Status: You were temporarily blind. You were deaf. You were not hungry. You were unencumbered. You were empty handed. You had basic skill with martial arts. Final Attributes: You were devoutly aligned. You were sleep resistant. You were poison resistant. You would have seen invisible when not blind. You were guarded. You were fast. You are dead. Miscellaneous: You never encountered a bones level. Total elapsed playing time was 6 minutes and 32 seconds. Major events: Turn 1: Gandelf the neutral male human Monk entered the dungeon 803: entered the Gnomish Mines 808: attained the rank of Novice (level 3) 939: killed by a rothe Vanquished creatures: a gnome leader a gnomish wizard a little dog 2 dwarves a hobbit 6 gnomes 2 geckos 2 jackals a goblin a sewer rat 3 lichens a newt 22 creatures vanquished. No species were genocided or became extinct. Voluntary challenges: You followed a strict vegan diet. You were an atheist. You never hit with a wielded weapon. You were illiterate. You never engraved Elbereth. You never genocided any monsters. You never polymorphed an object. You never changed form. You used no wishes. Achievements: You entered the Gnomish Mines. You attained the rank of Novice. The Dungeons of Doom: levels 1 to 3 Level 1: A fountain, a sink. Level 2: Level 3: A fountain. Stairs down to The Gnomish Mines. The Gnomish Mines: levels 4 to 5 Level 4: Level 5: <- You were here. Final resting place for you, killed by a rothe. Game over: ---------- / \ / REST \ / IN \ / PEACE \ / \ | Gandelf | | 310 Au | | killed by a | | rothe | | | | | | 2023 | *| * * * | * _________)/\\_//(\/(/\)/\//\/|_)_______ Goodbye Gandelf the Monk... You died in The Gnomish Mines on dungeon level 5 with 1007 points, and 310 pieces of gold, after 939 moves. You were level 4 with a maximum of 34 hit points when you died.